 Dungeon Crawl Stone Soup version 0.30.0-3-ga4e48a9924 (webtiles) character file.

Game seed: 1596634997074229241

252672 dolemite99 the Warrior (level 19, -5/177 HPs)
             Began as a Minotaur Hunter on May 8, 2023.
             Was an Elder of Ashenzari.
             Shot with a bolt by a yaktaur captain (39 damage)
             ... on level 2 of the Vaults.
             The game lasted 01:53:59 (68281 turns).

dolemite99 the Warrior (Minotaur Hunter)           Turns: 68281, Time: 01:54:00

Health: -5/177     AC: 31    Str: 17    XL:     19   Next: 35%
Magic:  27/27      EV: 18    Int:  6    God:    Ashenzari [****..]
Gold:   917        SH: 28    Dex: 19    Spells: 21/30 levels left

rFire   . . .        b - +6 scimitar (drain)
rCold   . . .        Q - +2 tower shield of the Perceptive Seeker {Melee, Alch} (curse)
rNeg    . . .        N - +1 swamp dragon scales "Lashed Together" {rPois, Alch, Comp} (curse)
rPois   +            q - +2 hat of the Eternal Oblivion {SInv, Fort, Range} (curse)
rElec   .            L - +2 cloak "Seeker of Ashenzari" {Stlth+, Comp, Range} (curse)
rCorr   .            (no gloves)
SInv    +            F - +2 pair of boots of Ouranomancy {Fort, Bglg} (curse)
Will    +....        d - amulet "Oracular Irritation" {Reflect SH+5, Melee, Fort} (curse)
Stlth   ++           g - ring of Cremastomancy {AC+4, Evo, Self} (curse)
HPRegen 0.49/turn    X - +4 ring of protection
MPRegen 0.20/turn

%: reflection, clarity
@: about to teleport, marked, studying Throwing, invisible
A: horns 2, retaliatory headbutt, talons 1, clarity, clumsy 1, subdued magic 1
}: 1/15 runes: decaying
a: Renounce Religion, Curse Item, Shatter the Chains


You were on level 2 of the Vaults.
You worshipped Ashenzari.
Ashenzari was greatly pleased with you.
You visited 8 branches of the dungeon, and saw 35 of its levels.
You visited the Abyss 1 time.
You also visited: Sewer and Volcano.

You collected 4454 gold pieces.
You spent 3537 gold pieces at shops.

Inventory:

Hand Weapons
 a - the +6 hand crossbow of Extinguishment {heavy, Fly rN+ Str+2 Int+2}
   (You acquired it on level 2 of the Elven Halls)

   Str:       It affects your strength (+2).
   Int:       It affects your intelligence (+2).
   rN:        It protects you from negative energy.
   Fly:       It grants you flight.
 b - a +6 scimitar of draining (weapon)
 w - a +0 long sword of flaming
 G - a +2 scimitar of flaming
Missiles
 f - 27 boomerangs (quivered)
 v - 10 poisoned darts
 B - a throwing net
 C - 5 boomerangs of dispersal
 Z - 15 javelins
Armour
 q - the cursed +2 hat of the Eternal Oblivion (worn) {SInv, Fort, Range}
   (You took it off Gastronok on level 3 of the Lair of Beasts)

   It has a curse which improves the following skills: Fortitude: Armour and
   Shields.
   Ranged Combat: Ranged Weapons and Throwing.
 F - the cursed +2 pair of boots of Ouranomancy (worn) {Fort, Bglg}
   (You found it in a sewer)

   It has a curse which improves the following skills: Fortitude: Armour and
   Shields.
   Beguiling: Conjurations, Hexes and Translocations.
 J - +0 fire dragon scales
 L - the cursed +2 cloak "Seeker of Ashenzari" (worn) {Stlth+, Comp, Range}
   (You took it off Crazy Yiuf on level 6 of the Dungeon)

   It has a curse which improves the following skills: Companions: Summonings
   and Necromancy.
   Ranged Combat: Ranged Weapons and Throwing.
 N - the cursed +1 swamp dragon scales "Lashed Together" (worn) {rPois, Alch, Comp}
   (You took it off Maggie on level 7 of the Dungeon)

   rPois:     It protects you from poison.
   It has a curse which improves the following skills: Alchemy: Poison Magic and
   Transmutations.
   Companions: Summonings and Necromancy.
 Q - the cursed +2 tower shield of the Perceptive Seeker (worn) {Melee, Alch}
   (You took it off Louise on level 15 of the Dungeon)

   It has a curse which improves the following skills: Melee Combat: Short
   Blades, Long Blades, Axes, Maces & Flails, Polearms, Staves and Unarmed
   Combat.
   Alchemy:   Poison Magic and Transmutations.
Magical Staves
 p - a staff of cold
 O - a staff of death
Jewellery
 d - the cursed amulet "Oracular Irritation" (around neck) {Reflect SH+5, Melee, Fort}
   (You found it on level 1 of the Dungeon)

   [amulet of reflection]

   It reflects blocked missile attacks.
   SH:        It affects your SH (+5).
   It has a curse which improves the following skills: Melee Combat: Short
   Blades, Long Blades, Axes, Maces & Flails, Polearms, Staves and Unarmed
   Combat.
   Fortitude: Armour and Shields.
 e - a +6 ring of intelligence
 g - the cursed ring of Cremastomancy (left hand) {AC+4, Evo, Self}
   (You found it on level 1 of the Dungeon)

   [ring of protection]

   AC:        It affects your AC (+4).
   It has a curse which improves the following skills: Evocations: Evocations.
   Introspection: Fighting and Spellcasting.
 r - a ring of flight
 x - a ring of protection from fire
 z - a ring of resist corrosion
 E - a ring of ice
 X - a +4 ring of protection (right hand)
 Y - a ring of positive energy
Wands
 i - a wand of iceblast (5)
 D - a wand of polymorph (18)
 H - a wand of paralysis (14)
 M - a wand of digging (3)
 T - a wand of mindburst (3)
 U - a wand of flame (18)
Scrolls
 c - 5 scrolls of silence
 k - 8 scrolls of immolation
 n - a scroll of fear
 s - 10 scrolls of blinking
 A - 6 scrolls of vulnerability
 I - a scroll of enchant weapon
 K - 7 scrolls of teleportation
 P - 5 scrolls of magic mapping
 S - 3 scrolls of fog
Potions
 h - 4 potions of brilliance
 j - a potion of heal wounds
 l - 7 potions of curing
 m - 9 potions of magic
 o - a potion of resistance
 t - 11 potions of ambrosia
 u - 8 potions of flight
 y - 2 potions of berserk rage
 R - 2 potions of cancellation
Miscellaneous
 W - a box of beasts (inert)


   Skills:
 + Level 15.5(17.2) Fighting
 - Level 13.3(16.0) Long Blades
 - Level 12.9(15.5) Ranged Weapons
 - Level 12.1(14.8) Throwing
 - Level 14.8(18.3) Armour
 - Level 14.6 Dodging
 - Level 0.7 Stealth
 - Level 13.1(16.6) Shields
 - Level 4.2(6.0) Spellcasting
 - Level 4.2(6.0) Hexes
 - Level 3.8(6.2) Summonings
 - Level 11.6(13.4) Translocations
 - Level 5.3(8.0) Transmutations
 - Level 1.2 Ice Magic
 - Level 6.8(8.7) Evocations


You had 21 spell levels left.
You knew the following spells:

 Your Spells              Type           Power      Damage    Failure   Level
a - Blink                 Tloc           26%        N/A       1%          2
b - Wereblood             Tmut           8%         N/A       4%          2
c - Passwall              Tmut/Erth      4%         N/A       26%         2
d - Summon Guardian Gole  Hex/Summ       7%         N/A       22%         3

Your spell library contained the following spells:

 Spells                   Type           Power      Damage    Failure   Level
 Lesser Beckoning         Tloc           26%        N/A       1%          2
 Beastly Appendage        Tmut           16%        N/A       3%          1
 Passage of Golubria      Tloc           13%        N/A       3%          4
 Portal Projectile        Hex/Tloc       20%        N/A       4%          3
 Summon Small Mammal      Summ           28%        N/A       7%          1
 Momentum Strike          Conj/Tloc      14%        3d8       8%          2
 Sting                    Tmut/Pois      20%        1d4       16%         1
 Volatile Blastmotes      Fire/Tloc      14%        2d11      17%         3
 Call Canine Familiar     Summ           7%         N/A       21%         3
 Tukima's Dance           Hex            6%         N/A       22%         3
 Spider Form              Tmut/Pois      5%         N/A       45%         3
 Freeze                   Ice            8%         1d3       50%         1
 Iskenderun's Mystic Bla  Conj/Tloc      7%         2d4       50%         4
 Dazzling Flash           Conj/Hex       8%         N/A       61%         3
 Magic Dart               Conj           4%         1d3       65%         1
 Sandblast                Erth           2%         2d4       67%         1
 Ignite Poison            Fire/Tmut/Pois 3%         N/A       67%         3
 Cigotuvi's Dreadful Rot  Necr/Pois/Air  2%         N/A       80%         2
 Poisonous Vapours        Pois/Air       2%         N/A       80%         2
 Searing Ray              Conj           2%         2d4       80%         2
 Ice Form                 Ice/Tmut       5%         N/A       82%         4
 Yara's Violent Unravell  Hex/Tmut       3%         3d4       83%         5
 Frozen Ramparts          Ice            4%         1d1       87%         3
 Ozocubu's Armour         Ice            2%         N/A       87%         3
 Summon Ice Beast         Ice/Summ       4%         N/A       90%         4
 Hailstorm                Conj/Ice       2%         3d3       92%         3
 Animate Armour           Summ/Erth      8%         N/A       95%         4
 Fulminant Prism          Conj/Hex       2%         3d5       95%         4
 Summon Lightning Spire   Summ/Air       4%         N/A       95%         4
 Stone Arrow              Conj/Erth      2%         3d7       96%         3
 Leda's Liquefaction      Hex/Erth       2%         N/A       96%         4
 Metabolic Englaciation   Hex/Ice        2%         N/A       99%         5
 Animate Dead             Necr           1%         N/A       100%        4
 Dispel Undead            Necr           1%         3d6       100%        4
 Olgreb's Toxic Radiance  Pois           1%         N/A       100%        4
 Sticky Flame             Conj/Fire      1%         2d3       100%        4
 Borgnjor's Vile Clutch   Necr/Erth      0%         N/A       100%        5
 Freezing Cloud           Conj/Ice/Air   0%         6-21      100%        5
 Conjure Ball Lightning   Conj/Air       0%         3x3d6     100%        6
 Death Channel            Necr           0%         N/A       100%        6
 Simulacrum               Ice/Necr       1%         N/A       100%        6
 Starburst                Conj/Fire      0%         6d3       100%        6
 Haunt                    Necr/Summ      2%         N/A       100%        7
 Storm Form               Tmut/Air       2%         N/A       100%        7
 Discord                  Hex            3%         N/A       100%        8
 Disjunction              Tloc           6%         N/A       100%        8
 Ignition                 Fire           0%         3d3       100%        8
 Infestation              Necr           0%         N/A       100%        8
 Lehudib's Crystal Spear  Conj/Erth      0%         10d2      100%        8
 Maxwell's Capacitive Co  Air            0%         ∞         100%        8


Dungeon Overview and Level Annotations

Branches:
Dungeon (15/15)            Temple (1/1) D:4            Lair (5/5) D:8
  Swamp (4/4) Lair:3       Spider (4/4) Lair:3        Slime (0/5) Lair:5
    Orc (2/2) D:11            Elf (2/3) Orc:2        Vaults (2/5) D:14
 Depths (0/4) D:15          Sewer (visited)         Volcano (visited)
  Crypt: Vaults:2-3

Altars:
Ashenzari
Cheibriados
Dithmenos
Elyvilon
Fedhas
Gozag
Hepliaklqana
Kikubaaqudgha
Makhleb
Nemelex Xobeh
Okawaru
Qazlal
Ru
Sif Muna
Trog
Uskayaw
Vehumet
Wu Jian
Xom
Yredelemnul
Zin
The Shining One
Jiyva

Shops:
D:2 ?   D:6 !   D:7 *   D:9 !   D:10 =   Orc:1 (   Orc:2 [(?(   Vaults:1 !(
Vaults:2 ?(

Annotations:
D:14 3 runed translucent doors
D:15 Roxanne
Lair:5 exclusion: oklob plant
Swamp:3 exclusion: downstairs
Elf:2 3 runed translucent doors
Vaults:1 Mennas


Innate Abilities, Weirdness & Mutations

You have a pair of horns on your head.
You reflexively headbutt those who attack you in melee.
You have sharp toenails.
You possess an exceptional clarity of mind.
You are clumsy. (Dex -2)
Your spells are a little easier to cast, but a little less powerful.


Message History

The arrow hits you.
The centaur warrior shoots an arrow.
You block the arrow with an invisible shield... and reflect it back!
The arrow hits the centaur warrior!
You kill the centaur warrior!
The centaur warrior's corpse dissolves into shadows!
As you read the scroll of fog, it crumbles to dust.
The scroll dissolves into smoke.
You float gracefully downwards.
You sense an unholy aura.
b - a +6 scimitar of draining (weapon)
You fade into invisibility!
The centaur warrior shoots an arrow.
You block the arrow with an invisible shield... and reflect it back!
The arrow hits the centaur warrior!
The centaur warrior shoots an arrow.
You block the arrow with an invisible shield... and reflect it back!
The arrow hits the centaur warrior!!
The centaur warrior unwields a +0 longbow.
You block the centaur warrior's attack. x2
The centaur warrior unwields a +0 shortbow.
The centaur warrior misses you.
The centaur warrior completely misses you.
You block the peacekeeper's attack. x2; The yaktaur captain shoots a bolt.
The bolt hits the centaur warrior!!
The centaur warrior dies!
The centaur warrior's corpse dissolves into shadows!
You slash the peacekeeper!
The peacekeeper is lightly damaged.
You block the peacekeeper's attack. x2; You block the centaur warrior's attack.
The centaur warrior misses you.
The yaktaur captain shoots a bolt.
The bolt hits you!!
* * * LOW HITPOINT WARNING * * *
The peacekeeper bites you.
* * * LOW HITPOINT WARNING * * *
The peacekeeper claws you but does no damage.
You block the centaur warrior's attack. x2
As you read the scroll of teleportation, it crumbles to dust.
You feel strangely unstable. You block the peacekeeper's attack.
The peacekeeper barely misses you.
You block the centaur warrior's attack. x2
The yaktaur captain shoots a bolt.
The bolt barely misses the peacekeeper.
The bolt hits you!!!
You die...

#..)....# , #........
#.......# ,, #........
#.......#, ,, #........
#.......# ,#.>......
#.......#** > ##'#####.
#.......# #......#.
#.§§§§.§# * ,#...[..#.
#.§§§§§.#. ,,,#......#.
#.§§§§@§#.>####......#.
#.§§§c§9#.....#.))...#.
#.§§§§G§# *,#.[......#.
#.§§†.§.#...÷.#.)÷...#.
#.......####..#..?.∩.#.
#.....{.# ... #...)..#.
#......c#..#. #......#.
#....cc.#.., #......#.
#.......##############.


You could see a yaktaur captain (unable to see you), a great orb of eyes, a
centaur warrior (summoned, unable to see you) and a peacekeeper (summoned).

Vanquished Creatures
  Xtahua (Vaults:2)
  A bone dragon (Swamp:4)
  Arachne (Spider:3)
  Mlioglotl (Swamp:3)
  Gastronok (Lair:3)
  Agnes (Spider:2)
  Donald (Swamp:1)
  5 vault wardens
  A frost giant (Vaults:1)
  3 ghost moths
  Louise (D:15)
  2 orc warlords
  14 ironbound preservers
  4 ironbound thunderhulks
  A stone giant (D:15)
  4 broodmothers
  A war gargoyle (Vaults:1)
  5 eleionomae
  2 spark wasps
  The ghost of zlionsfan the Cleaver, a journeyman AtAr of Ashenzari (Lair:3)
  2 bunyips
  Snorg (D:10)
  A crystal guardian (Vaults:1)
  Josephine (Orc:2)
  A deep elf high priest (Vaults:1)
  3 entropy weavers
  2 great orbs of eyes (Vaults:1)
  5 yaktaur captains
  3 ghost crabs
  14 hydras
  3 ironbound frosthearts
  9 centaur warriors
  2 peacekeepers
  5 boulder beetles
  An ogre mage (D:15)
  2 death knights
  5 catoblepae
  15 two-headed ogres
  2 tengu warriors (D:15)
  A death scarab (Spider:2)
  A hell hog (Volcano)
  9 dancing weapons
  The ghost of Cato the Destroyer, a journeyman DECj of Sif Muna (Lair:2)
  21 death yaks
  8 alligators
  Urug (D:14)
  An orc high priest (Orc:2)
  The ghost of Imnulubo the Destroyer, a novice TeFE of Vehumet (Lair:1)
  7 deep elf knights
  2 skysharks
  A skeletal warrior (D:13)
  A fire crab (Lair:5)
  3 pharaoh ants
  21 deep trolls
  7 goliath frogs
  A death drake (Swamp:4)
  4 swamp dragons
  3 spriggan druids
  A glowing orange brain (Lair:3)
  4 spectral hydras (Swamp:4)
  5 bog bodies
  8 deep elf archers
  4 ironbound convokers
  2 orb spiders
  22 deep elf zephyrmancers
  A phantasmal warrior (Vaults:1)
  13 lindwurms
  6 harpies (Vaults:2)
  A wizard (Vaults:1)
  3 steelbarb worms
  2 orc knights (Orc:2)
  17 deep elf pyromancers
  An orc sorcerer (Orc:2)
  2 will-o-the-wisps
  5 ugly things
  2 oklob plants (Lair:5)
  13 wolf spiders
  9 elephants
  4 cyclopes
  2 moths of wrath
  A salamander (Volcano)
  5 manticores
  3 black mambas
  10 vault sentinels
  2 torpor snails
  16 cane toads
  6 demonic crawlers
  2 gargoyles
  Maggie (D:7)
  3 freezing wraiths (D:13)
  3 rime drakes
  A kobold demonologist (D:7)
  15 yaktaurs
  An efreet (D:15)
  10 komodo dragons
  4 unseen horrors
  3 swamp worm zombies (Swamp:4)
  5 hydra zombies (Swamp:4)
  A queen bee (D:12)
  8 trolls
  6 meliai
  2 polar bears (Lair:4)
  A wolf spider simulacrum (D:15)
  32 blink frogs
  8 tarantellas
  7 tyrant leeches
  A bloated husk (Swamp:1)
  14 hornets
  5 dream sheep (Lair:5)
  3 alligator zombies (Swamp:4)
  2 spectral swamp dragons (Swamp:4)
  4 air elementals
  12 culicivoras
  12 slime creatures
  21 jumping spiders
  12 spriggans
  8 wraiths
  A spriggan (shapeshifter) (D:13)
  A water elemental (Elf:1)
  A starcursed mass (Abyss:2)
  4 wyverns
  39 yaks
  2 fire elementals (Elf:2)
  19 vampire mosquitoes
  2 fire bats (Volcano)
  5 basilisks
  16 humans
  30 redbacks
  A warg (D:11)
  10 swamp worms
  3 acid dragons
  23 water moccasins
  39 orc warriors
  3 swamp drakes
  2 sky beasts
  3 ice beasts
  A black bear (D:6)
  2 swamp dragon zombies (Swamp:4)
  9 ogres
  29 wolves
  9 boggarts
  8 centaurs
  Blork the orc (D:6)
  10 bullfrogs
  3 earth elementals
  6 kobold brigands
  3 gnoll sergeants
  4 scorpions
  4 wights (D:8)
  35 killer bees
  4 electric eels (D:8)
  7 howler monkeys
  5 hounds
  24 orc priests
  Crazy Yiuf (D:6)
  2 jellies (Lair:3)
  2 iguanas
  A sleepcap (D:7)
  Natasha (twice) (D:4)
  36 orc wizards
  A sickly merfolk siren (Sewer)
  2 hell rats (Lair:4)
  A malarious merfolk avatar (Sewer)
  12 adders
  8 river rats
  2 swamp drake zombies (Swamp:4)
  20 gnolls
  2 shadow imps
  3 ufetubi
  3 worms
  A dart slug (D:3)
  95 orcs
  14 ball pythons
  6 bats
  8 endoplasms
  2 giant cockroaches (D:3)
  7 hobgoblins
  2 jackals (D:4)
  7 quokkas
  7 frilled lizards
  9 goblins
  27 kobolds
  28 rats
  4 briar patches (Swamp:3)
  2 butterflies (D:3)
1284 creatures vanquished.

Vanquished Creatures (collateral kills)
  A thorn hunter (Swamp:3)
  A lindwurm (Vaults:2)
  A demonic crawler (Spider:4)
  A yaktaur (Vaults:2)
  A vampire (D:9)
  A shadow (D:9)
  6 yaks (D:10)
  2 orc warriors (Orc:1)
  A centaur skeleton (D:9)
  A mummy (D:9)
  2 gnolls (D:6)
  2 orcs (Orc:1)
  3 briar patches (Swamp:3)
23 creatures vanquished.

Vanquished Creatures (others)
  A two-headed ogre (Volcano)
  A deep elf knight (Elf:2)
  A spriggan druid (Swamp:1)
  A lindwurm (Vaults:1)
  A deep elf pyromancer (Elf:1)
  3 swamp worms
  2 boggarts (D:13)
  An orc wizard (D:6)
  3 orcs
  A kobold (D:8)
  10 foxfires
  36 fungi
  84 plants
145 creatures vanquished.

Grand Total: 1452 creatures vanquished

Notes
Turn   | Place    | Note
-------+----------+-------------------------------------------
     0 | D:1      | dolemite99 the Minotaur Hunter began the quest for the Orb.
     0 | D:1      | Reached XP level 1. HP: 18/18 MP: 0/0
   237 | D:1      | Reached XP level 2. HP: 25/25 MP: 1/1
   251 | D:1      | Reached skill level 5 in Ranged Weapons
   928 | D:2      | You fall into a shaft and drop 2 floors!
   975 | D:3      | Reached XP level 3. HP: 30/30 MP: 2/2
  1506 | D:2      | Found an iron altar of Okawaru.
  1543 | D:2      | Found Sihoes's Magic Scroll Boutique.
  1673 | D:2      | Bought a scroll of fear for 40 gold pieces
  1673 | D:2      | Bought a scroll of blinking for 75 gold pieces
  1855 | D:3      | Found a shimmering altar of Xom.
  2132 | D:3      | Reached XP level 4. HP: 37/37 MP: 3/3
  2361 | D:3      | Gained mutation: You have sharp toenails. [potion of
                  | mutation]
  2361 | D:3      | Gained mutation: Your spells are a little easier to cast,
                  | but a little less powerful. [potion of mutation]
  2361 | D:3      | Gained mutation: You are clumsy. (Dex -2) [potion of
                  | mutation]
  2361 | D:3      | Gained mutation: You possess an exceptional clarity of
                  | mind. [potion of mutation]
  2904 | D:4      | Reached XP level 5. HP: 42/42 MP: 4/4
  3005 | D:4      | Found a staircase to the Ecumenical Temple.
  3035 | Temple   | Entered the Ecumenical Temple
  3534 | Temple   | Became a worshipper of Ashenzari the Shackled
  3560 | D:4      | Noticed an ogre
  3577 | D:4      | Killed an ogre
  3578 | D:4      | Reached XP level 6. HP: 50/50 MP: 5/5
  3668 | D:4      | Found a hazy altar of Hepliaklqana.
  4989 | D:4      | Found a shimmering blue altar of Sif Muna.
  5099 | D:4      | Noticed Natasha
  5114 | D:4      | Killed Natasha
  5447 | D:3      | Reached * piety under Ashenzari
  5496 | D:5      | Entered Level 5 of the Dungeon
  5703 | D:5      | Noticed an ice beast
  5716 | D:5      | Killed an ice beast
  5717 | D:5      | Reached XP level 7. HP: 49/57 MP: 6/6
  6536 | D:6      | Reached skill level 5 in Long Blades
  6737 | D:6      | Found a white marble altar of Elyvilon.
  6757 | D:6      | Found a glowing drain.
  6771 | Sewer    | Entered a sewer
  7070 | Sewer    | Reached ** piety under Ashenzari
  7251 | D:6      | Reached XP level 8. HP: 48/63 MP: 7/7
  7343 | D:6      | Found Nail's Distillery.
  7351 | D:6      | Bought a potion of heal wounds for 65 gold pieces
  7351 | D:6      | Bought a potion of curing for 39 gold pieces
  7351 | D:6      | Bought a potion of heal wounds for 65 gold pieces
  7351 | D:6      | Bought a potion of curing for 39 gold pieces
  7357 | D:6      | Noticed Blork the orc
  7367 | D:6      | Killed Blork the orc
  7554 | D:6      | Reached skill level 5 in Shields
  7700 | D:6      | Paralysed by a gnoll for 3 turns
  8182 | D:6      | Found a stormy altar of Qazlal.
  8193 | D:6      | Found a sacrificial altar of Ru.
  8251 | D:6      | Found a runed translucent door.
  8252 | D:6      | Noticed Crazy Yiuf
  8464 | D:6      | Reached XP level 9. HP: 40/70 MP: 8/8
  9405 | D:4      | Noticed Natasha
  9409 | D:4      | Killed Natasha
  9511 | D:6      | Killed Crazy Yiuf
  9731 | D:7      | Noticed a brown ugly thing
  9731 | D:7      | Noticed a troll
  9731 | D:7      | Noticed a two-headed ogre
  9731 | D:7      | Noticed a troll
  9908 | D:7      | Noticed Maggie
  9936 | D:7      | Killed Maggie
  9937 | D:7      | Reached skill level 4 in Fighting
 10270 | D:7      | Reached skill level 5 in Fighting
 10475 | D:7      | Found Peonushra's Assorted Antiques.
 10478 | D:7      | Bought 2 scrolls of teleportation for 168 gold pieces
 10478 | D:7      | Bought a gold wand for 112 gold pieces
 10590 | D:7      | Found a runed translucent door.
 10664 | D:7      | Reached skill level 1 in Evocations
 11865 | D:8      | Reached skill level 5 in Dodging
 11877 | D:8      | Noticed a troll
 11893 | D:8      | Killed a troll
 12017 | D:8      | Reached XP level 10. HP: 80/84 MP: 9/9
 12265 | D:8      | Reached skill level 1 in Armour
 12400 | D:8      | Found a staircase to the Lair.
 12573 | D:10     | Entered Level 10 of the Dungeon
 12704 | D:10     | Reached skill level 6 in Fighting
 12768 | D:10     | Found Ketigeramp's Jewellery Shoppe.
 12973 | D:9      | Found a transporter.
 12978 | D:9      | Found a basalt altar of Yredelemnul.
 12980 | D:9      | Noticed a death knight
 12981 | D:9      | Identified the ring "Aleuliuv" {rN+ Will+ EV+5 Int-5}
 12982 | D:9      | Found an ancient bone altar of Kikubaaqudgha.
 12987 | D:9      | Found a transporter.
 12989 | D:9      | Found Qies's Distillery.
 14091 | D:9      | Noticed a two-headed ogre
 14098 | D:9      | Killed a two-headed ogre
 14156 | D:9      | Found a transporter.
 14336 | D:9      | Found a transporter.
 14574 | D:10     | Reached skill level 10 in Long Blades
 14574 | D:10     | Reached skill level 7 in Fighting
 15024 | D:10     | Found a glowing silver altar of Zin.
 15560 | D:10     | Reached skill level 8 in Fighting
 15621 | D:10     | Reached *** piety under Ashenzari
 15641 | D:10     | Reached XP level 11. HP: 99/99 MP: 10/10
 15731 | D:10     | Noticed Snorg
 15747 | D:10     | Killed Snorg
 15748 | D:10     | Reached skill level 9 in Fighting
 16146 | D:10     | Noticed a boulder beetle
 16237 | D:10     | Noticed a two-headed ogre
 16250 | D:10     | Killed a two-headed ogre
 16251 | D:10     | Reached skill level 5 in Armour
 16985 | D:10     | Killed a boulder beetle
 17521 | D:11     | Noticed a two-headed ogre
 17548 | D:11     | Killed a two-headed ogre
 17689 | D:11     | Found a staircase to the Orcish Mines.
 17893 | D:11     | Reached skill level 10 in Ranged Weapons
 18713 | D:12     | Reached XP level 12. HP: 108/110 MP: 11/11
 18976 | D:12     | Reached **** piety under Ashenzari
 20099 | D:12     | Learned a level 2 spell: Passwall
 20213 | D:13     | Noticed a death knight
 20401 | Lair:1   | Entered Level 1 of the Lair of Beasts
 20429 | Lair:1   | Reached skill level 10 in Fighting
 20674 | Lair:1   | Noticed Imnulubo's ghost (novice TeFE)
 20709 | Lair:1   | Found a transporter.
 20833 | Lair:1   | Reached skill level 5 in Evocations
 20931 | Lair:1   | Noticed a death yak
 20931 | Lair:1   | Noticed a death yak
 20956 | Lair:1   | Killed a death yak
 21203 | Lair:1   | Reached skill level 11 in Fighting
 21265 | Lair:1   | Found a transporter.
 21327 | Lair:1   | Reached XP level 13. HP: 94/119 MP: 12/12
 22149 | Lair:2   | Found a runed translucent door.
 22150 | Lair:2   | Noticed Cato's ghost (journeyman DECj)
 22396 | Lair:2   | Reached skill level 12 in Fighting
 22653 | Lair:2   | Learned a level 2 spell: Blink
 22742 | Lair:2   | Reached skill level 1 in Translocations
 23063 | Lair:2   | Killed Cato's ghost
 23206 | Lair:3   | Identified the Exposition on Combative Firn
 23291 | Lair:3   | Noticed Gastronok
 23331 | Lair:3   | Killed Gastronok
 23439 | Lair:3   | Found a staircase to the Swamp.
 23524 | Lair:3   | Found a hole to the Spider Nest.
 23760 | Lair:3   | Reached skill level 5 in Translocations
 24501 | Lair:3   | Found a runed translucent gate.
 24501 | Lair:3   | Found a runed translucent gate.
 24501 | Lair:3   | Found a runed translucent gate.
 24504 | Lair:3   | Noticed zlionsfan's ghost (journeyman AtAr)
 24507 | Lair:3   | Found a viscous altar of Jiyva.
 25183 | Lair:4   | Reached skill level 10 in Shields
 25450 | Lair:4   | Identified the +2 arbalest of Oenomania {freeze, Int+3}
 25504 | Lair:4   | Reached XP level 14. HP: 130/130 MP: 13/13
 26282 | Lair:5   | Entered Level 5 of the Lair of Beasts
 26745 | Lair:5   | Found a dark tunnel.
 26755 | Volcano  | Entered a volcano
 28015 | Lair:5   | Found a viscous altar of Jiyva.
 28026 | Lair:5   | Found a staircase to the Slime Pits.
 29334 | Lair:5   | Reached skill level 10 in Translocations
 30853 | Lair:5   | Reached XP level 15. HP: 118/137 MP: 14/14
 31830 | Orc:1    | Entered Level 1 of the Orcish Mines
 31869 | Orc:1    | Found Tixir's Antique Weapon Shop.
 32844 | Orc:2    | Entered Level 2 of the Orcish Mines
 32961 | Orc:2    | Noticed Josephine
 32985 | Orc:2    | Killed Josephine
 33092 | Orc:2    | Found Omemeuj's Magic Scroll Emporium.
 33100 | Orc:2    | Bought a scroll of teleportation for 48 gold pieces
 33351 | Orc:2    | Found a staircase to the Elven Halls.
 34483 | Orc:2    | Found Cizuis's Antique Armour Emporium.
 34488 | Orc:2    | Found Sunguwam's Antique Weapon Shoppe.
 34511 | Orc:2    | Bought an embroidered hat for 210 gold pieces
 34513 | Orc:2    | Bought a runed hat for 210 gold pieces
 34757 | Orc:2    | Reached skill level 1 in Spellcasting
 34771 | Orc:2    | Found Nuaduw's Weapon Emporium.
 34776 | Orc:2    | Bought a throwing net for 51 gold pieces
 34816 | Orc:2    | Bought a scroll of silence for 152 gold pieces
 34816 | Orc:2    | Bought a scroll of poison for 64 gold pieces
 34816 | Orc:2    | Bought a scroll of teleportation for 48 gold pieces
 34816 | Orc:2    | Bought a scroll of fear for 64 gold pieces
 34976 | D:6      | Bought a potion of haste for 130 gold pieces
 34976 | D:6      | Bought a potion of heal wounds for 65 gold pieces
 34976 | D:6      | Bought a potion of berserk rage for 65 gold pieces
 35124 | D:2      | Bought 3 scrolls of blinking for 225 gold pieces
 35124 | D:2      | Bought 3 scrolls of teleportation for 90 gold pieces
 35124 | D:2      | Bought a scroll of fog for 40 gold pieces
 35292 | D:7      | Bought a potion of curing for 84 gold pieces
 35901 | D:7      | Identified the +0 chain mail "Gecvagu" {rN+}
 38121 | D:13     | Reached skill level 5 in Throwing
 39032 | D:14     | Noticed Urug
 39032 | D:14     | Found a gate to the Vaults.
 40370 | D:14     | Killed Urug
 41206 | D:14     | Found a runed translucent gate.
 41206 | D:14     | Found a runed translucent gate.
 41206 | D:14     | Found a runed translucent gate.
 41551 | D:15     | Entered Level 15 of the Dungeon
 41769 | D:15     | Found a broken altar of Ashenzari.
 41811 | D:15     | Found a staircase to the Depths.
 42083 | D:15     | Identified the +0 ring mail of the Cartwright {MP+9}
 42210 | D:15     | Noticed Louise
 42242 | Abyss:2  | Cast into level 2 of the Abyss (Louise)
 42387 | D:15     | Escaped the Abyss
 42412 | D:15     | Killed Louise
 42648 | D:15     | Reached XP level 16. HP: 134/145 MP: 21/21
 43001 | D:15     | Identified Roxanne's Almanac of the Quarry
 43001 | D:15     | Noticed Roxanne
 43413 | Lair:1   | Killed Imnulubo's ghost
 43668 | Lair:3   | Killed zlionsfan's ghost
 43756 | Swamp:1  | Entered Level 1 of the Swamp
 44645 | Swamp:1  | Noticed Donald
 44671 | Swamp:1  | Killed Donald
 45181 | Swamp:1  | Reached skill level 10 in Dodging
 46810 | Swamp:3  | Noticed a thorn hunter
 46820 | Swamp:3  | Killed a thorn hunter
 47186 | Swamp:3  | Reached skill level 1 in Ice Magic
 47773 | Spider:1 | Entered Level 1 of the Spider Nest
 48578 | Spider:1 | Reached skill level 13 in Fighting
 49586 | Spider:2 | Reached XP level 17. HP: 154/156 MP: 22/22
 49643 | Spider:2 | Reached skill level 14 in Fighting
 49776 | Spider:2 | Identified the +0 ring mail "Mog Ystu" {Regen+ Str+3 Int-4}
 50557 | Spider:2 | Noticed Agnes
 50569 | Spider:2 | Killed Agnes
 50989 | Spider:3 | Noticed Arachne
 51019 | Spider:3 | Killed Arachne
 51020 | Spider:3 | Reached skill level 15 in Fighting
 51350 | Spider:3 | Learned a level 2 spell: Wereblood
 51573 | Spider:3 | Reached skill level 10 in Armour
 53175 | Spider:4 | Entered Level 4 of the Spider Nest
 54733 | Swamp:4  | Entered Level 4 of the Swamp
 55230 | Swamp:4  | Noticed Mlioglotl
 55235 | Swamp:4  | Noticed a bone dragon
 55247 | Swamp:3  | Killed Mlioglotl
 57909 | Swamp:4  | Noticed a bone dragon
 57939 | Swamp:4  | Killed a bone dragon
 57989 | Swamp:4  | Got a decaying rune of Zot
 58420 | Elf:1    | Entered Level 1 of the Elven Halls
 58437 | Orc:2    | Reached skill level 1 in Transmutations
 58505 | Elf:1    | Paralysed by an air elemental for 1 turns
 59119 | Elf:1    | Reached XP level 18. HP: 170/170 MP: 23/23
 59401 | Elf:1    | Paralysed by an air elemental for 1 turns
 59405 | Elf:1    | Paralysed by an air elemental for 1 turns
 59410 | Elf:1    | Paralysed by an air elemental for 1 turns
 60101 | Elf:2    | Reached skill level 5 in Transmutations
 60131 | Elf:2    | Found a runed translucent gate.
 60131 | Elf:2    | Found a runed translucent gate.
 60131 | Elf:2    | Found a runed translucent gate.
 60392 | Elf:2    | Paralysed by an air elemental for 1 turns
 60398 | Elf:2    | Paralysed by an air elemental for 1 turns
 60500 | Elf:2    | Identified a scroll of acquirement
 60506 | Elf:2    | Paralysed by an air elemental for 1 turns
 60511 | Elf:2    | Paralysed by an air elemental for 1 turns
 60517 | Elf:2    | Paralysed by an air elemental for 1 turns
 61586 | Elf:2    | Acquired the +6 hand crossbow of Extinguishment {heavy, Fly
                  | rN+ Str+2 Int+2}
 61937 | Vaults:1 | Entered Level 1 of the Vaults
 62487 | Vaults:1 | Reached skill level 10 in Throwing
 62538 | Vaults:1 | Found Wesip's Distillery.
 62543 | Vaults:1 | Bought a potion of heal wounds for 100 gold pieces
 62543 | Vaults:1 | Bought a potion of curing for 60 gold pieces
 62543 | Vaults:1 | Bought a potion of curing for 60 gold pieces
 62543 | Vaults:1 | Bought a potion of cancellation for 160 gold pieces
 64300 | Vaults:1 | Learned a level 3 spell: Summon Guardian Golem
 64333 | Vaults:1 | Reached skill level 1 in Summonings
 64566 | Vaults:1 | Found Ratzamy's Weapon Emporium.
 65146 | Vaults:1 | Reached XP level 19. HP: 171/177 MP: 24/24
 65205 | Vaults:2 | Noticed Xtahua
 65221 | Vaults:2 | Killed Xtahua
 65222 | Vaults:2 | Reached skill level 1 in Hexes
 65386 | Vaults:2 | Found Leyl's Weapon Shop.
 65405 | Vaults:2 | Noticed Mennas
 66289 | Vaults:2 | Found Esuc's Magic Scroll Emporium.
 66304 | Vaults:2 | Bought a scroll of fear for 72 gold pieces
 66304 | Vaults:2 | Bought a scroll of acquirement for 936 gold pieces
 66306 | Vaults:2 | Acquired 646 gold pieces
 67937 | Vaults:2 | Identified the +11 plate armour "Wicseh" {+Blink rC+ Str+3}
 68281 | Vaults:2 | Shot with a bolt by a yaktaur captain

Illustrated notes

Levels and vault maps discovered:
D:1:      spicycebolla_arrival_ecumenical, layout_basic
D:2:      layout_loops_ring, serial_shops, nicolae_shop_waterfront, basic_altar,
          hangedman_abyss_or_decor_stabs, minmay_octomino_e4
D:3:      minmay_skewed_foursquare, layout_basic, xom_butterflies, st_stairs_14,
          skrybe_limestone_x, minmay_misc_feat_ornament,
          chequers_serial_rivers_large_b
D:4:      layout_basic, kennysheep_orc_sif_temple,
          nicolae_hepliaklqana_hazy_memory, minmay_temple_entry_waves,
          uniq_natasha
D:5:      layout_cave_pods
D:6:      kennysheep_housing_project, layout_basic, old_standard_altar,
          mainiacjoe_overflow_large_starburst, serial_shops, shop,
          portal_sewer_entry_a, kennysheep_generic_room_16, uniq_blork_the_orc,
          uniq_crazy_yiuf_cottage
D:7:      minmay_the_grid_triangle_9x9_rhombus_full
          [minmay_the_grid_triangle_9x9_steps,
          minmay_the_grid_triangle_9x9_minimal,
          minmay_the_grid_triangle_9x9_subtriangle,
          minmay_the_grid_triangle_9x9_wacky_v,
          minmay_the_grid_triangle_9x9_limited_checkers,
          minmay_the_grid_triangle_9x9_sprig,
          minmay_the_grid_triangle_9x9_cache,
          minmay_the_grid_triangle_9x9_prize_top_heavy], layout_gridville,
          serial_shops, kennysheep_mini, uniq_maggie
D:8:      layout_loops_ring, erik_lair_island, columned_hall_lemuel
D:9:      layout_roguey, gammafunk_temple_of_torment, serial_shops,
          nicolae_shop_drivethru
D:10:     layout_grid_maze, mainiacjoe_overflow_brackets, serial_shops, shop,
          evilmike_minifort, uniq_snorg
D:11:     layout_loops_corners, david_orc_3, billiards_dpeg
D:12:     layout_roguey [special_room_bee]
D:13:     layout_roguey
D:14:     layout_small_grid, david_vaults_3,
          ploomutoo_gammafunk_ghost_potion_laboratory, palyth_stone_intersect,
          gauntlet_entry_generic, dreamdust_princess_corridor
D:15:     grunt_enter_depths_snipers, layout_loops_ring, hex_tiny,
          chequers_serial_rivers_micro_b, cheibrodos_ashenzari_chains,
          uniq_louise, uniq_roxanne
Temple:   dshaligram_water_room_temple
Lair:1:   layout_loops_ring, nzn_ghost_randoct, grunt_megastairs_3
Lair:2:   layout_small_grid, gammafunk_ghost_grave, st_stairs_6
Lair:3:   layout_chaotic_city, swamp_mist_pool, spider_nest_entry_a,
          gammafunk_ghost_ooze, portal_ice_cave_rime, uniq_gastronok
Lair:4:   layout_regular_city, serial_bayou, serial_bayou_pond_c,
          serial_bayou_pond_c, serial_bayou_lagoon_b, serial_bayou_pond_d,
          kennysheep_rathole, grunt_megastairs_5, lemuel_fruit_tree
Lair:5:   evilmike_catoblepas_cave, layout_layer_cave,
          minmay_slime_entry_oklob_enclosed, nicolae_volcano_entry_hallway,
          lemuel_fruit_fields, infiniplex_staircase_pool_2
Swamp:1:  layout_basic_swamp, serial_swamp_ruin, evilmike_swamp_ruin_house_4,
          evilmike_swamp_ruin_rubble_2, evilmike_swamp_ruin_house_6,
          swamp_pool3, uniq_donald
Swamp:2:  layout_basic_swamp, evilmike_swamp_ruin_house_5, swamp_pool1,
          nicolae_swamp_alligator_family, infiniplex_staircase_pool
Swamp:3:  layout_basic_swamp, evilmike_swamp_ruin_house_2
Swamp:4:  swamp_pestilence, layout_basic_swamp, swamp_pool1, uniq_mlioglotl
Spider:1: layout_cave_pods, hellmonk_spider_spawner,
          hangedman_spider_tarantella_strand
Spider:2: layout_spider_delve, hangedman_spider_mandibles, uniq_agnes
Spider:3: layout_spider_delve, nicolae_spider_twisty_arc_passages, uniq_arachne
Spider:4: floodkiller_spider_rune_tomb, nicolae_spider_some_kinda_spiderbox
Orc:1:    layout_caves, serial_shops, shop, basic_altar, nicolae_orc_lava_room,
          uniq_urug
Orc:2:    grunt_orc_community_town_hall, layout_diamond_mine,
          grunt_orc_community_big_house_1, grunt_orc_community_big_house_2,
          grunt_orc_community_house_2, grunt_orc_community_house_2,
          grunt_orc_community_house_2, grunt_orc_community_house_2,
          grunt_orc_community_house_3, grunt_orc_community_house_1,
          hellmonk_bongcloud_opening, lemuel_statue_altar, uniq_josephine
Elf:1:    minmay_elf_arrival_summoners, layout_onion_city,
          minmay_elf_crystal_hexagon
Elf:2:    elven_hall_of_blades_hangedman_original [nicolae_blade_bullseye],
          layout_rooms, glass_columns_b, serial_sigils_hangedman_clutch
Vaults:1: nicolae_vaults_shrinking_rooms_2, hangedman_vaults_nodes,
          nicolae_vaults_double_plus_2, nicolae_vaults_branching_niches,
          nicolae_vaults_shrinking_rooms_1, v_misc_5, ontoclasm_vaults_twist,
          grunt_vaults_trifunnel, dpeg_vaults_monster_box, layout_vaults_ring,
          serial_shops, nicolae_shop_back_alley_shop
Vaults:2: vaults_mumra_minichess_inversion, hangedman_vaults_cutoff,
          v_alt_pattern_5, nicolae_vaults_taking_the_gang_shopping, v_misc_16,
          vaults_dpeg_hooks, vaults_room_large_hall, nicolae_vaults_rhombus_6,
          layout_vaults_chaotic_city, minmay_crypt_entry_simple_walls,
          serial_shops, shop, uniq_xtahua, uniq_margery, uniq_mennas

Skill      XL: |  1  2  3  4  5  6  7  8  9 10 11 12 13 14 15 16 17 18 19 |
---------------+----------------------------------------------------------+-----
Ranged Weapons | 5 6 7 8 9 10 12 | 12.9
Long Blades    | 2 6 10 11 12 13 | 13.3
Shields        | 2 8 9 10 13 | 13.1
Fighting       | 5 8 9 11 12 13 15 | 15.5
Evocations     | 3 5 6 |  6.8
Dodging        | 6 9 11 14 | 14.6
Armour         | 4 9 14 | 14.8
Translocations | 5 10 11 | 11.6
Spellcasting   | 3 4 |  4.2
Throwing       | 8 12 | 12.1
Ice Magic      | 1 |  1.2
Transmutations | 3 5 |  5.3
Summonings     | 3 |  3.8
Hexes          | 4 |  4.2
Stealth        | |  0.7

Action                     |  1- 3 |  4- 6 |  7- 9 | 10-12 | 13-15 | 16-18 | 19-21 || total
---------------------------+-------+-------+-------+-------+-------+-------+-------++-------
  Melee: Falchion          |       |       |   161 |       |       |       |       ||   161
         Kick              |       |       |    10 |       |       |       |       ||    10
         Headbutt          |       |       |    42 |   141 |   321 |   542 |    15 ||  1061
         Dagger            |       |       |   112 |       |       |       |       ||   112
         Scimitar          |       |       |       |   579 |  1136 |  1650 |    38 ||  3403
         Long sword        |       |       |       |       |    32 |       |       ||    32
         Rapier            |       |       |       |       |       |    33 |       ||    33
   Fire: Shortbow          |    80 |     8 |       |       |       |       |       ||    88
         Sling             |    22 |   157 |   249 |   261 |   924 |   174 |       ||  1787
         Hand crossbow     |       |       |       |       |       |   232 |   141 ||   373
  Throw: Dart              |       |       |       |       |   178 |   262 |       ||   440
         Javelin           |       |       |       |       |    68 |       |       ||    68
         Boomerang         |       |       |       |       |    32 |    26 |       ||    58
         Throwing net      |       |       |       |       |       |     2 |       ||     2
   Cast: Blink             |       |       |       |       |     1 |     3 |       ||     4
         Wereblood         |       |       |       |       |       |     7 |       ||     7
         Summon Guardian G |       |       |       |       |       |       |     1 ||     1
 Invoke: Curse Item        |       |     2 |     2 |     3 |     1 |     1 |       ||     9
         Shatter the Chain |       |       |       |     1 |     1 |       |       ||     2
  Evoke: Wand              |       |       |    10 |    15 |    42 |    89 |       ||   156
         Box of beasts     |       |       |       |       |     3 |     4 |     1 ||     8
    Use: Scroll            |     4 |     3 |     6 |     4 |     7 |    20 |     5 ||    49
         Potion            |       |     3 |     8 |     3 |    15 |    24 |     2 ||    55
   Stab: Paralysed         |       |       |     2 |     5 |     7 |    15 |       ||    29
         Invisible         |       |       |     2 |       |    11 |     3 |       ||    16
         Sleeping          |       |       |       |     2 |       |       |       ||     2
         Distracted        |       |       |       |       |     1 |     1 |       ||     2
 Armour: Leather armour    |    15 |    14 |       |       |       |       |       ||    29
         Ring mail         |       |     4 |   133 |     9 |       |       |       ||   146
         Swamp dragon scal |       |       |       |   180 |   506 |   656 |    77 ||  1419
  Dodge: Dodged            |    19 |    32 |   145 |   240 |   514 |   817 |   149 ||  1916
  Block: Other             |     6 |    12 |    13 |       |       |       |       ||    31
         Reflection        |       |     1 |    19 |    18 |    34 |    97 |    23 ||   192
         Kite shield       |       |       |   297 |   632 |  1333 |       |       ||  2262
         Tower shield      |       |       |       |       |     5 |  2750 |   293 ||  3048
